AoeStats
← 太君,是我!

Arena

510083601Analyzed
4v4 RM · 4d ago on Sep 29, 2026· 37m 27s· 8 players
Game mode
Random Map
Map size
Large (8 player)
Population
200
Speed
Normal
Resources
Standard
Victory
Conquest
Starting age
Dark Age
Ending age
Imperial Age
RankedLock teamsTeams togetherTeam positionsShared explorationLock speedFull tech treeHidden civsTurbo modeCheats
Victory
Defeat
🇧🇷 Celts · Brazil
1097
+15
🇹🇼 Franks · Taiwan
1093
+16
🇪🇸 Malay · Spain
1086
+16
🇹🇼 Saxons · Taiwan
1083
+16
🇹🇼 Britons · Taiwan
1118
-17
🇹🇼 Aztecs · Taiwan
1094
-16
🇨🇳 Italians · China
1062
-15
🇨🇳 Persians · China
1057
-15
FallAutumn7731
11:32 Feudal Age
15:21 Castle Age
13:35 Horse Collar
13:56 Double-Bit Axe
15:54 Heavy Plow
21:56 Wheelbarrow
21:53 Bow Saw
23:05 Hand Cart
24:13 Gold Mining
24:13 Stone Mining
24:52 Loom
25:51 Gold Shaft Mining
25:20 Town Watch
30:28 Imperial Age
28:22 Scale Barding Armor
28:28 Forging
31:48 Imperial Age
29:14 Fletching
29:15 Treadmill Crane
29:47 Masonry
29:58 Ballistics
29:37 Murder Holes
31:31 Iron Casting
30:51 Bodkin Arrow
32:23 Chemistry
31:29 Siege Engineers
31:16 Elite Battle Elephant
31:57 Husbandry
33:29 Blast Furnace
33:31 Conscription
33:45 Elite Karambit Warrior
34:49 Bracer
36:25 Squires
35:46 Pikeman
Arthur
11:09 Feudal Age
14:51 Castle Age
13:33 Double-Bit Axe
16:01 Bow Saw
18:44 Loom
19:36 Wheelbarrow
21:58 Gold Mining
23:13 Hand Cart
24:45 Sanctity
24:37 Fervor
28:49 Imperial Age
27:40 Gold Shaft Mining
26:56 Stone Mining
28:08 Town Watch
28:38 Scale Barding Armor
28:44 Forging
28:48 Fortified Wall
28:51 Masonry
29:22 Husbandry
28:52 Cavalier
29:56 Chain Barding Armor
29:40 Husbandry
29:50 Town Patrol
30:21 Caravan
31:05 Iron Casting
30:22 Paladin
31:45 Plate Barding Armor
32:01 Conscription
32:21 Chivalry
33:38 Blast Furnace
32:31 Fletching
33:39 Scale Mail Armor
33:16 Light Cavalry
36:37 Hoardings
@bruninho
9:50 Loom
11:36 Feudal Age
13:50 Double-Bit Axe
13:54 Horse Collar
16:43 Castle Age
16:59 Wheelbarrow
22:31 Bow Saw
22:35 Heavy Plow
25:55 Gold Mining
26:45 Elite Skirmisher
30:18 Imperial Age
28:11 Scale Mail Armor
28:44 Ballistics
28:36 Forging
28:42 Fletching
30:19 Gold Shaft Mining
30:20 Hand Cart
31:38 Bodkin Arrow
32:19 Iron Casting
32:30 Siege Engineers
33:04 Capped Ram
33:51 Padded Archer Armor
33:29 Man-at-Arms
33:54 Gambesons
34:33 Pikeman
35:22 Halberdier
35:24 Long Swordsman
Aaron
2:45 Loom
11:53 Feudal Age
13:17 Double-Bit Axe
15:44 Castle Age
13:43 Horse Collar
15:58 Town Watch
23:47 Bow Saw
24:07 Heavy Plow
31:21 Imperial Age
29:01 Fletching
28:45 Elite Skirmisher
29:48 Bodkin Arrow
30:45 Wheelbarrow
30:41 Padded Archer Armor
30:43 Scale Mail Armor
31:11 Thumb Ring
31:42 Ballistics
34:01 Chemistry
33:27 Bracer
33:45 Leather Archer Armor
34:24 Masonry
35:01 Hand Cart
35:14 Gambesons
35:38 Squires
35:00 Pikeman
37:30 Ring Archer Armor
37:17 Chain Mail Armor
37:07 Town Patrol
37:07 Halberdier
太君,是我!
12:24 Feudal Age
16:36 Castle Age
14:47 Double-Bit Axe
14:52 Horse Collar
17:42 Heavy Plow
17:59 Bow Saw
17:45 Stone Mining
17:47 Gold Mining
25:30 Scale Barding Armor
31:27 Imperial Age
29:44 Wheelbarrow
28:59 Town Watch
29:03 Loom
30:11 Chain Barding Armor
30:01 Forging
30:19 Bloodlines
30:18 Husbandry
32:13 Conscription
33:19 Two-Man Saw
32:53 Crop Rotation
33:44 Plate Barding Armor
33:46 Iron Casting
33:27 Elite War Elephant
34:00 Light Cavalry
35:47 Blast Furnace
37:38 Hoardings
Knitht
13:42 Feudal Age
15:08 Double-Bit Axe
17:31 Castle Age
16:06 Horse Collar
22:46 Heavy Plow
23:46 Town Watch
31:05 Imperial Age
29:00 Fletching
29:48 Wheelbarrow
29:26 Loom
32:07 Gold Mining
32:21 Bodkin Arrow
33:19 Conscription
34:37 Chemistry
37:37 Padded Archer Armor
37:37 Bracer
SASAYA
14:01 Feudal Age
15:36 Wheelbarrow
14:45 Horse Collar
14:51 Double-Bit Axe
15:06 Loom
18:50 Castle Age
19:23 Gold Mining
19:23 Stone Mining
20:02 Hand Cart
19:54 Town Watch
20:20 Bow Saw
20:12 Heavy Plow
24:21 Scale Mail Armor
24:59 Man-at-Arms
27:33 Eagle Warrior
29:12 Chain Mail Armor
29:08 Forging
31:29 Imperial Age
30:33 Gold Shaft Mining
31:58 Iron Casting
31:41 Pikeman
31:42 Long Swordsman
32:08 Gambesons
32:24 Squires
32:16 Fletching
32:26 Padded Archer Armor
32:24 Murder Holes
32:50 Ballistics
32:11 Treadmill Crane
33:47 Blast Furnace
33:17 Plate Mail Armor
33:53 Blast Furnace
33:27 Plate Mail Armor
33:31 Crop Rotation
34:10 Conscription
33:22 Two-Handed Swordsman
Wick
10:41 Feudal Age
10:28 Loom
10:40 Loom
14:36 Castle Age
12:39 Double-Bit Axe
12:37 Horse Collar
15:53 Bow Saw
20:29 Town Watch
21:33 Wheelbarrow
23:06 Stone Mining
24:52 Gold Mining
26:40 Heavy Plow
26:25 Treadmill Crane
27:04 Masonry
29:57 Imperial Age
27:56 Padded Archer Armor
27:47 Fletching
28:27 Forging
28:24 Pikeman
29:05 Squires
28:50 Arson
29:07 Scale Mail Armor
29:43 Hand Cart
30:21 Bodkin Arrow
32:17 Iron Casting
31:45 Bracer
31:55 Siege Engineers
32:44 Warwolf
33:40 Scale Barding Armor
Connection lost

Rejoining the realm…

Still unreachable

The connection could not be restored.

Session expired

The server has moved on; the page needs a fresh start.